 Dungeon Crawl Stone Soup version 0.21-a0-538-gd16b88a (webtiles) character file.

235 slep the Chopper (level 5, -1/40 HPs)
             Began as a Demonspawn Gladiator on Dec 17, 2017.
             Slain by an orc
             ... wielding a +0 hand axe
              (2 damage)
             ... on level 4 of the Dungeon.
             The game lasted 00:07:24 (2205 turns).

slep the Chopper (Demonspawn Gladiator)             Turns: 2205, Time: 00:07:25

Health: -1/40      AC:  4    Str: 15    XL:     5   Next: 76%
Magic:  0/5        EV: 14    Int:  9    God:
Gold:   107        SH:  0    Dex: 15    Spells: 4/4 levels left

rFire    . . .     SeeInvis .   a - +0 war axe
rCold    . . .     Gourm    .   (no shield)
rNeg     . . .     Faith    .   b - +0 leather armour
rPois    .         Spirit   +   c - +0 helmet
rElec    .         Reflect  .   (no cloak)
rCorr    .         Harm     .   (no gloves)
MR       .....                  (no boots)
Stlth    +.........             q - amulet of guardian spirit
HPRegen  0.13/turn              (no ring)
MPRegen  0.09/turn              (no ring)

@: no status effects
A: claws 1, hooves 1, demonic guardian 1
a: no special abilities


You were on level 4 of the Dungeon.
You were hungry.

You visited 1 branch of the dungeon, and saw 4 of its levels.
You also visited: Sewer.

You collected 107 gold pieces.

Inventory:

Hand Weapons
 a - a +0 war axe (weapon)
 u - a +0 blowgun
 v - a +0 blowgun
Missiles
 d - 2 throwing nets (quivered)
 g - 56 poisoned needles
Armour
 b - a +0 leather armour (worn)
 c - a +0 helmet (worn)
Jewellery
 q - an amulet of guardian spirit (around neck)
Wands
 s - a wand of enslavement (14)
Scrolls
 e - 5 scrolls of identify {unknown}
 h - a scroll of fear {unknown}
 i - a scroll of noise {unknown}
 k - a scroll of enchant weapon {unknown}
 l - a scroll of remove curse {unknown}
 r - a scroll of immolation {unknown}
 x - a scroll of teleportation {unknown}
Potions
 j - a potion of lignification {unknown}
 m - 6 potions of curing {unknown}
 t - a potion of ambrosia {unknown}
 w - 3 potions of flight {unknown}
 z - a potion of might {unknown}
 A - a potion of heal wounds {unknown}
Comestibles
 f - 5 bread rations
 n - a meat ration
 o - a royal jelly
 p - 3 fruits


   Skills:
 + Level 2.8 Fighting
 + Level 4.1 Axes
 + Level 1.9 Throwing
 + Level 1.7 Armour
 + Level 4.0 Dodging
 + Level 0.1 Stealth


You had 4 spell levels left.
You didn't know any spells.

Dungeon Overview and Level Annotations

Branches:
Dungeon (4/15)
 Temple: D:4-7

Altars:
Gozag
Hepliaklqana
Nemelex Xobeh

Annotations:
D:3 Grinder


Innate Abilities, Weirdness & Mutations

You have sharp fingernails.
You have large cloven feet.
A weak demonic guardian rushes to your aid.


Message History

Your Dodging skill increases to level 4!
You see here a giant club.
d - 2 throwing nets (gained 1)
You open the door.
There is an open door here. 2 orcs come into view.
The orc shouts!
You hear a shout!
The orc moves out of view.
The orc shouts!
An orc and an orc priest come into view.
The orc shouts!
The orc priest shouts!
The orc priest barely misses you.
You barely miss the orc priest.
You kick the orc priest, but do no damage.
You barely miss the orc. You closely miss the orc.
The orc priest calls down the wrath of Beogh upon you.
Beogh smites you!
* * * LOW HITPOINT WARNING * * *
The orc hits you with a hand axe.
You die...

##+#######
+...o..5.+
#...o@...#
##.oo##..#
#...##..#
#....#...+
#....##..#
#.... #..#
###+###..##
#.....#...#
#...<.#...#


You could see an orc priest, 3 orcs and a friendly iron imp.

Vanquished Creatures
  An ogre (D:4)
  A big kobold (Sewer)
  Robin (D:3)
  An adder (D:3)
  2 river rats (Sewer)
  An ooze (D:2)
  A worm (D:3)
  A leopard gecko (D:2)
  6 bats
  2 giant cockroaches
  13 goblins
  7 hobgoblins
  3 jackals
  A quokka (D:2)
  4 frilled lizards
  8 kobolds
  8 rats
61 creatures vanquished.

Vanquished Creatures (collateral kills)
  4 goblins (D:3)
  A hobgoblin (D:3)
  3 kobolds (Sewer)
8 creatures vanquished.

Grand Total: 69 creatures vanquished

Notes
Turn   | Place    | Note
-------+----------+-------------------------------------------
     0 | D:1      | slep the Demonspawn Gladiator began the quest for the Orb.
     0 | D:1      | Reached XP level 1. HP: 16/16 MP: 1/1
   117 | D:1      | Gained mutation: A weak demonic guardian rushes to your aid. [demonic ancestry]
   117 | D:1      | Reached XP level 2. HP: 15/22 MP: 2/2
   760 | D:2      | Gained mutation: You have sharp fingernails. [demonic ancestry]
   760 | D:2      | Reached XP level 3. HP: 12/28 MP: 3/3
   998 | D:2      | Found a sparkling altar of Nemelex Xobeh.
  1180 | D:3      | Found a faded altar of an unknown god.
  1266 | D:3      | Noticed Robin
  1268 | D:3      | Reached skill level 1 in Armour
  1276 | D:3      | Killed Robin
  1276 | D:3      | Reached XP level 4. HP: 19/34 MP: 4/4
  1343 | D:3      | Found a glowing drain.
  1457 | Sewer    | Entered a sewer
  1631 | Sewer    | Noticed a big kobold
  1654 | Sewer    | Killed a big kobold
  1654 | Sewer    | Gained mutation: You have large cloven feet. [demonic ancestry]
  1654 | Sewer    | Reached XP level 5. HP: 24/39 MP: 5/5
  1682 | Sewer    | Found a white marble altar of Elyvilon.
  1789 | D:3      | Found an opulent altar of Gozag.
  2116 | D:3      | Noticed Grinder
  2123 | D:2      | Found a hazy altar of Hepliaklqana.
  2171 | D:3      | Paralysed by Grinder for 7 turns
  2180 | D:4      | Noticed an ogre
  2187 | D:4      | Killed an ogre
  2205 | D:4      | HP: 1/40 [orc priest/divine providence (11)]
  2205 | D:4      | Slain by an orc

Vault maps used:
D:1:      scummos_arrival_checkerplants, minmay_octomino_c4
D:2:      nicolae_overflow_hidden_temple, nemelex_xobeh_ov_fountains_minmay,
          kennysheep_nub
D:3:      nicolae_gozag_cash_rules_everything_around_me,
          chequers_ecumenical_altar_simple_redux, portal_sewer_entry_d,
          uniq_grinder, uniq_robin
D:4:      uniq_menkaure, uniq_eustachio
Sewer:    sewer_kobolds

Skill      XL: |  1  2  3  4  5 |
---------------+----------------+-----
Dodging        | 3 4 |  4.0
Axes           | 3 4 |  4.1
Armour         | 1 |  1.7
Fighting       | |  2.8
Throwing       | |  1.9
Stealth        | |  0.1

Action                   |  1- 3 |  4- 6 || total
-------------------------+-------+-------++-------
Melee: War axe           |   123 |    68 ||   191
       Kick              |       |     8 ||     8
Throw: Throwing net      |       |     2 ||     2
 Stab: Held in net/web   |       |     1 ||     1
  Eat: Chunk             |     1 |     3 ||     4
Armor: Leather armour    |    32 |    20 ||    52
Dodge: Dodged            |    92 |    57 ||   149

Table legend:
 A = Spawn XP
 B = Non-spawn XP
 C = Spawn XP percentage of total XP
 D = Spawn monster count
 E = Non-spawn monster count
 F = Spawn count percentage of total count
 G = Total turns spent on level
                    A         B        C        D         E        F      G
               +---------+---------+-------+---------+---------+-------+---------
         Total |       0 |     337 |   0.0 |       0 |      69 |   0.0 |  2205
               +---------+---------+-------+---------+---------+-------+---------
           D:1 |       0 |      32 |   0.0 |       0 |      20 |   0.0 |   680
           D:2 |       0 |      25 |   0.0 |       0 |      12 |   0.0 |   511
           D:3 |       0 |      73 |   0.0 |       0 |      27 |   0.0 |   720
           D:4 |       0 |     118 |   0.0 |       0 |       1 |   0.0 |    25
         Sewer |       0 |      89 |   0.0 |       0 |       9 |   0.0 |   269
               +---------+---------+-------+---------+---------+-------+---------
